 Dungeon Crawl Stone Soup version 0.28.0 (webtiles) character file.

Game seed: 2620431257199907775

91 Dorkslayer the Conjurer (level 4, -5/28 HPs)
             Began as an Octopode Conjurer on Sept 27, 2022.
             Killed from afar by Natasha (6 damage)
             ... with a magic dart
             ... on level 2 of the Dungeon.
             The game lasted 00:04:52 (2535 turns).

Dorkslayer the Conjurer (Octopode Conjurer)         Turns: 2535, Time: 00:04:53

Health: -5/28      AC:  1    Str:  8    XL:     4   Next: 59%
Magic:  4/8        EV: 13    Int: 20    God:
Gold:   40         SH:  0    Dex: 10    Spells: 7/8 levels left

rFire   . . .      SeeInvis .   h - +0 short sword
rCold   . . .      Faith    .   (no shield)
rNeg    . . .      Spirit   .   (helmet restricted)
rPois   .          Reflect  .   (no amulet)
rElec   .          Harm     .   c - ring of resist corrosion
rCorr   +          Rampage  .   (no ring)
Will    .....                   (no ring)
Stlth   +++.......              (no ring)
HPRegen 0.09/turn               (no ring)
MPRegen 0.11/turn               (no ring)
                                (no ring)
                                (no ring)

@: no status effects
A: almost no armour, amphibious, 8 rings, camouflage 1, gelatinous body 1,
(nimble swimmer 1), tentacles
a: no special abilities


You were on level 2 of the Dungeon.
You visited 1 branch of the dungeon, and saw 2 of its levels.

You collected 40 gold pieces.

Inventory:

Hand Weapons
 h - a +0 short sword (weapon)
Jewellery
 c - a ring of resist corrosion (left tentacle)
Scrolls
 b - 3 scrolls of teleportation {unknown}
 d - a scroll of brand weapon {unknown}
 e - a scroll of summoning {unknown}
 f - a scroll of immolation {unknown}
 g - a scroll of fear {unknown}
 i - a scroll of silence {unknown}
 j - a scroll of identify {unknown}
Potions
 a - 2 potions of invisibility {unknown}
 k - a potion of ambrosia {unknown}


   Skills:
 * Level 1.5 Fighting
 * Level 2.3 Dodging
 + Level 2.8 Stealth
 * Level 0.5 Unarmed Combat
 * Level 2.7 Spellcasting
 + Level 4.7 Conjurations


You had 7 spell levels left.
You knew the following spells:

 Your Spells              Type           Power      Damage    Failure   Level
a - Magic Dart            Conj           84%        1d7       1%          1

Your spell library contained the following spells:

 Spells                   Type           Power      Damage    Failure   Level
 Searing Ray              Conj           42%        2d6       3%          2
 Dazzling Flash           Conj/Hex       24%        N/A       17%         3
 Fulminant Prism          Conj/Hex       6%         3d7       50%         4
 Iskenderun's Mystic Bla  Conj/Tloc      12%        2d5       50%         4


Dungeon Overview and Level Annotations

Branches:
Dungeon (2/15)

Altars:

Shops:
D:1 !

Annotations:
D:2 Natasha


Innate Abilities, Weirdness & Mutations

You cannot wear most types of armour.
You are amphibious.
You can wear up to eight rings at the same time.
Your skin changes colour to match your surroundings (Stealth+).
Your rubbery body absorbs attacks. (AC +1, EV +1)
((You are camouflaged when in or above water. (Stealth+)))
You have tentacles for arms and can constrict up to eight enemies at once.


Message History

Aim: Natasha, carrying a wand of flame (16) (moderately wounded, 100% to hit)
The magic dart hits Natasha.
Natasha is moderately wounded.
Casting: Magic Dart (safe; 1% risk of failure)
Confirm with . or Enter, or press ? or * to list all spells.
Aiming: Magic Dart (safe; 1% risk of failure)
Press: ? - help, Shift-Dir - straight line, f/p - Natasha
Aim: Natasha, carrying a wand of flame (16) (moderately wounded, 100% to hit)
The magic dart hits Natasha.
Natasha is heavily wounded.
Natasha zaps a wand.
The puff of flame hits you!
Casting: Magic Dart (safe; 1% risk of failure)
Confirm with . or Enter, or press ? or * to list all spells.
Aiming: Magic Dart (safe; 1% risk of failure)
Press: ? - help, Shift-Dir - straight line, f/p - Natasha
Aim: Natasha, carrying a wand of flame (15) (heavily wounded, 100% to hit)
The magic dart hits Natasha but does no damage.
Natasha is heavily wounded.
Natasha zaps a wand.
The puff of flame hits you!
Unknown command.
Casting: Magic Dart (safe; 1% risk of failure)
Confirm with . or Enter, or press ? or * to list all spells.
Aiming: Magic Dart (safe; 1% risk of failure)
Press: ? - help, Shift-Dir - straight line, f/p - Natasha
Aim: Natasha, carrying a wand of flame (14) (heavily wounded, 100% to hit)
The magic dart hits Natasha but does no damage.
Natasha is heavily wounded.
Natasha zaps a wand.
The puff of flame hits you.
Unknown command.
Natasha zaps a wand.
The puff of flame misses you.
You closely miss Natasha. Your grab misses Natasha. You squeeze Natasha.
Natasha is severely wounded.
Natasha claws you!
* * * LOW HITPOINT WARNING * * *
You closely miss Natasha. You grab Natasha.
Natasha is severely wounded.
You constrict Natasha. Natasha casts a spell at you. The magic dart hits you.
You die...

##.## ### #.#
..# #.# #.# ...
..# #.# . # #.#
#.# #..######
#.. #.#
#.......# #.#
..# #.# #.# ###
#@# #.# #
#.#####h###.#
##
#...........###
.##
#######.###.#..
..# #.# #.#.#
..# #.# #.#.#
#..# ..# ##†#
#.#.# #..# ..#
#..# #.#.# #..#
..# #.##
#.#.#######..#


You could see Natasha.

Vanquished Creatures
  Natasha (D:2)
  3 adders (D:2)
  A worm (D:2)
  A dart slug (D:2)
  A ball python (D:1)
  4 endoplasms (D:1)
  4 giant cockroaches
  A goblin (D:1)
  3 hobgoblins
  2 kobolds
  4 quokkas
  4 bats
  4 frilled lizards
  A rat (D:2)
34 creatures vanquished.

Notes
Turn   | Place    | Note
-------+----------+-------------------------------------------
     0 | D:1      | Dorkslayer the Octopode Conjurer began the quest for the
                  | Orb.
     0 | D:1      | Reached XP level 1. HP: 11/11 MP: 3/3
    32 | D:1      | Found a faded altar of an unknown god.
   215 | D:1      | Reached XP level 2. HP: 17/17 MP: 0/5
   473 | D:1      | Found Hiafim's Distillery.
  1333 | D:2      | Reached XP level 3. HP: 22/22 MP: 3/6
  1548 | D:2      | Reached skill level 1 in Fighting
  1806 | D:2      | Reached XP level 4. HP: 15/28 MP: 6/8
  1975 | D:2      | Noticed Natasha
  1982 | D:2      | Killed Natasha
  2527 | D:2      | Noticed Natasha
  2534 | D:2      | HP: 1/28 [Natasha (8)]
  2535 | D:2      | Killed from afar by Natasha

Illustrated notes

Levels and vault maps discovered:
D:1:      dpeg_arrival_rooms_with_view, layout_basic,
          ebering_ecumenical_altar_box, serial_shops, nicolae_shop_statue_plus,
          minmay_misc_feat_encased, serial_bayou_pond_e, item_on_display_a
D:2:      layout_loops_ring, uniq_natasha

Skill      XL: |  1  2  3 |
---------------+----------+-----
Fighting       | 1 |  1.5
Dodging        | |  2.3
Stealth        | |  2.8
Unarmed Combat | |  0.5
Spellcasting   | |  2.7
Conjurations   | |  4.7

Action                   |  1- 3 |  4- 6 || total
-------------------------+-------+-------++-------
Melee: Unarmed           |     6 |       ||     6
       Constrict         |     8 |     3 ||    11
       Tentacles         |     6 |     2 ||     8
       Short sword       |    26 |     8 ||    34
 Cast: Magic Dart        |    45 |    23 ||    68
Armor: Skin              |     1 |       ||     1
Dodge: Dodged            |    17 |     7 ||    24
